 Dungeon Crawl Stone Soup version 0.27-a0-216-g1fbed8a51c (webtiles) character file.

Game seed: 1072213010719410766

9 sahdkjhfkaj the Gusty (level 2, 16/16 HPs)
             Began as a Tengu Air Elementalist on Jan 31, 2021.
             Quit the game on level 1 of the Dungeon.
             The game lasted 00:01:01 (231 turns).

sahdkjhfkaj the Gusty (Tengu Air Elementalist)       Turns: 231, Time: 00:01:02

Health: 16/16      AC:  2    Str:  8    XL:     2   Next: 12%
Magic:  3/6        EV: 12    Int: 15    God:
Gold:   17         SH:  0    Dex: 14    Spells: 2/5 levels left

rFire    . . .     SeeInvis .   (no weapon)
rCold    . . .     Faith    +   (no shield)
rNeg     . . .     Spirit   .   a - +0 robe
rPois    .         Reflect  .   (helmet restricted)
rElec    .         Harm     .   (no cloak)
rCorr    .         Rampage  .   (no gloves)
Will     .....                  (boots unavailable)
Stlth    ++........             b - amulet of faith
HPRegen  0.05/turn              (no ring)
MPRegen  0.10/turn              (no ring)

@: no status effects
A: beak, talons 3
a: no special abilities


You were on level 1 of the Dungeon.
You visited 1 branch of the dungeon, and saw 1 of its levels.

You collected 17 gold pieces.

Inventory:

Armour
 a - a +0 robe (worn)
Jewellery
 b - an amulet of faith (around neck)


   Skills:
 - Level 1.0 Fighting
 + Level 0.8 Armour
 - Level 2.1 Dodging
 - Level 2.0 Stealth
 - Level 2.0 Spellcasting
 - Level 2.0 Conjurations
 - Level 4.0 Air Magic


You had 2 spell levels left.
You knew the following spells:

 Your Spells              Type           Power        Failure   Level
a - Shock                 Conj/Air       40%          6%          1
W - Swiftness             Air            13%          6%          2

Your spell library contained the following spells:

 Spells                   Type           Power        Failure   Level
 Static Discharge         Conj/Air       10%          19%         3
 Airstrike                Air            6%           38%         4
 Lightning Bolt           Conj/Air       5%           87%         5


Dungeon Overview and Level Annotations

Branches:
Dungeon (1/15)

Altars:


Innate Abilities, Weirdness & Mutations

You have a beak for a mouth.
You have claws for feet.


Message History

A giant cockroach is nearby!
The giant cockroach barely misses you.
You see here a jackal corpse.
The zap hits the giant cockroach.
You kill the giant cockroach!
You have reached level 2!
HP restored.
A kobold comes into view.
A kobold is nearby!
A kobold is nearby!
Memorise Swiftness, consuming 2 spell levels and leaving 2?
The kobold shouts!
You start memorising the spell.
You continue memorising. x2
You finish memorising.
Spell assigned to 'W'.
The zap hits the kobold.
The kobold is severely wounded.
The zap misses the kobold.
The zap hits the kobold.
You kill the kobold!
Are you sure you want to abandon this character and quit the game? (Confirm with "yes".)

########## #.@.......
#.######## ####.######
######...........
#....†..........#
B######.####.##.#####.#
.hh...#.# #.##.# #.#.#
#####B#.# #.##.# #.#.#
#†#.# #.##.#####.#.# #


There were no monsters in sight!

Vanquished Creatures
  A giant cockroach (D:1)
  2 hobgoblins (D:1)
  2 jackals (D:1)
  A kobold (D:1)
  A frilled lizard (D:1)
7 creatures vanquished.

Notes
Turn   | Place    | Note
-------+----------+-------------------------------------------
     0 | D:1      | sahdkjhfkaj the Tengu Air Elementalist began the quest for
                  | the Orb.
     0 | D:1      | Reached XP level 1. HP: 10/10 MP: 4/4
   128 | D:1      | Reached skill level 1 in Fighting
   163 | D:1      | Reached XP level 2. HP: 15/16 MP: 0/6
   228 | D:1      | Learned a level 2 spell: Swiftness
   231 | D:1      | Quit the game

Illustrated notes

Levels and vault maps discovered:
D:1:      lightli_arrival_lavapool, layout_loops_ring, minmay_unequal

Skill      XL: |  1 |
---------------+----+-----
Fighting       | 1 |  1.0
Conjurations   | 2 |  2.0
Armour         | |  0.8
Dodging        | |  2.1
Stealth        | |  2.0
Spellcasting   | |  2.0
Air Magic      | |  4.0

Action                   || total
-------------------------++-------
 Cast: Shock             ||    15
Dodge: Dodged            ||     6

Table legend: (Time is in decaauts)
 A = Elapsed time spent in this place.
 B = Non-inter-level travel time spent in this place.
 C = Inter-level travel time spent in this place.
 D = Time resting spent in this place.
 E = Time spent auto-exploring this place.
 F = Levels seen in this place.
 G = Mean time per level.
                   A        B        C        D        E       F      G
               +--------+--------+--------+--------+--------+-----+--------+
         Total |    231 |    231 |      0 |     13 |    158 |   1 |  231.0 |
       Dungeon |    231 |    231 |      0 |     13 |    158 |   1 |  231.0 |
               +--------+--------+--------+--------+--------+-----+--------+

Top non-repeatable levels by time:
     D:1: 231 daAuts
